[Event "Titled Tuesday Blitz June 21 Late 2022"]
[White "Konaplev, Anton"]
[Black "Khan, Taffin"]
[WhiteFideId "24165646"]
[BlackFideId "19700024"]
[WhiteElo "2208"]
[BlackElo "1978"]
[Result "1-0"]
[Round "04"]
[TimeControl "180+1"]
[Date "2022.06.22"]
[WhiteClock "0:00:20"]
[BlackClock "0:00:05"]

1. d4 Nf6 2. c4 e6 3. Nc3 Bb4 4. e3 d5 5. a3 Bxc3+ 6. bxc3 Ne4 7. Qc2 O-O 8. Bd3 f5 9. Nf3 Nd7 10. Bb2 Ndf6 11. O-O c6 12. Ne5 Bd7 13. f3 Ng5 14. cxd5 cxd5 15. c4 Rc8 16. Qd2 Nf7 17. cxd5 Nxd5 18. Nxd7 Qxd7 19. e4 Nb6 20. Rad1 Nc4 21. Bxc4 Rxc4 22. exf5 exf5 23. d5 Rfc8 24. Ba1 Nd6 25. Rf2 Qa4 26. Re1 Qxa3 27. Qg5 Rc3 28. Bxc3 Qxc3 29. Rfe2 Qd4+ 30. Qe3 Qxd5 31. Qxa7 Nb5 32. Qa2 Qxa2 33. Rxa2 Nd4 34. Rd1 Ne6 35. Rb2 Nc5 36. Rb5 Rc7 37. Rc1 b6 38. Rxb6 Rb7 39. Rxb7 Nxb7 40. Rc8+ 1-0


[Site "https://www.chess.com"]

[Event "Titled Tuesday Blitz June 21 Late 2022"]
[White "Korchmar, Vasiliy"]
[Black "Avazkhonov, Alikhon"]
[WhiteFideId "24131750"]
[BlackFideId "14208504"]
[WhiteElo "2370"]
[BlackElo "1739"]
[Result "0-1"]
[Round "04"]
[TimeControl "180+1"]
[Date "2022.06.22"]
[WhiteClock "0:01:59"]
[BlackClock "0:00:31"]

1. e4 c5 2. Nf3 d6 3. d4 cxd4 4. Nxd4 Nf6 5. Nc3 a6 6. f3 e5 7. Nb3 h5 8. Be3 Be6 9. Nd5 Bxd5 10. exd5 Nbd7 11. c4 g6 12. Bd3 Bh6 13. Bf2 O-O 14. O-O b6 15. Nd2 Nc5 16. Be2 a5 17. Nb1 e4 18. Nc3 e3 19. Bh4 g5 20. Be1 Nfd7 21. Nb5 Ne5 22. Nd4 f5 23. f4 gxf4 24. Rxf4 Bxf4 25. Bxh5 Qg5 26. Bc3 Qh4 27. g3 Bxg3 28. hxg3 Qxg3+ 29. Kf1 Qf2# 0-1


[Site "https://www.chess.com"]

[Event "Titled Tuesday Blitz June 21 Late 2022"]
[White "Kosakowski, Jakub"]
[Black "Isajevsky, Anton"]
[WhiteFideId "1185080"]
[BlackFideId "4142500"]
[WhiteElo "2476"]
[BlackElo "2510"]
[Result "1-0"]
[Round "04"]
[TimeControl "180+1"]
[Date "2022.06.21"]
[WhiteClock "0:02:00"]
[BlackClock "0:00:05"]

1. c4 c5 2. Nf3 g6 3. e3 Nf6 4. d4 Bg7 5. Nc3 O-O 6. Be2 cxd4 7. Nxd4 Nc6 8. O-O d6 9. b3 Nxd4 10. exd4 d5 11. c5 a5 12. Bf4 Ne4 13. Na4 Bd7 14. Nb6 Nc3 15. Qd2 Bxd4 16. Rac1 Nxe2+ 17. Qxe2 Bc6 18. Nxa8 Qxa8 19. Qxe7 Re8 20. Qh4 Re4 21. Rfe1 Rxe1+ 22. Rxe1 Bxc5 23. Qf6 1-0


[Site "https://www.chess.com"]

[Event "Titled Tuesday Blitz June 21 Late 2022"]
[White "Koziorowicz, Michal"]
[Black "Leiva, Gianmarco"]
[WhiteFideId "21809194"]
[BlackFideId "3804399"]
[WhiteElo "2202"]
[BlackElo "2323"]
[Result "1-0"]
[Round "04"]
[TimeControl "180+1"]
[Date "2022.06.21"]
[WhiteClock "0:00:21"]
[BlackClock "0:00:01"]

1. e4 c5 2. Nf3 d6 3. Bb5+ Nd7 4. d4 cxd4 5. Qxd4 a6 6. Bxd7+ Bxd7 7. O-O Nf6 8. c4 e6 9. Nc3 Be7 10. Bg5 O-O 11. Rfd1 Bc6 12. Rac1 h6 13. Bxf6 Bxf6 14. Qxd6 Qxd6 15. Rxd6 Bxc3 16. Rxc3 Bxe4 17. Re3 Bxf3 18. Rxf3 Rfd8 19. Rfd3 Rxd6 20. Rxd6 Rc8 21. b3 Kf8 22. Kf1 Ke7 23. Rb6 Rc7 24. Ke2 Kd7 25. Ke3 Kc8 26. Rd6 Rc5 27. f4 g5 28. Rd4 g4 29. Kf2 b5 30. Kg3 h5 31. cxb5 axb5 32. a4 bxa4 33. Rxa4 Rc3+ 34. Kh4 Rxb3 35. Kxh5 f5 36. Ra2 g3 37. h4 Rb4 38. Kg5 e5 39. fxe5 Rg4+ 40. Kxf5 Rxh4 41. Ra3 Rh5+ 42. Kf4 Rh4+ 43. Kxg3 Re4 44. Ra5 Kd7 45. Kf3 Rb4 46. Ra6 Ke7 47. g4 Kf7 48. Kg3 Re4 49. Rf6+ Kg7 50. Rf5 Kg6 51. Kh4 Re1 52. Rf6+ Kg7 53. Re6 Kf7 54. Rf6+ Kg7 55. Rf5 Kg6 56. Rg5+ Kh6 57. Rh5+ Kg6 58. Kg3 Rg1+ 59. Kf3 Rf1+ 60. Ke4 Re1+ 61. Kd5 Rg1 62. Rh8 Kg7 63. Rh4 Kg6 64. Kd6 Rd1+ 65. Ke7 Ra1 66. Rh2 Ra7+ 67. Kd6 Ra6+ 68. Kc7 Ra7+ 69. Kb6 Re7 70. Re2 Kf7 71. Kc5 Ke6 72. Kd4 Ra7 73. Ke4 Ra4+ 74. Kf3 Ra3+ 75. Kf4 Ra8 76. g5 Ra1 77. Kg4 Rh1 78. g6 Rg1+ 79. Kh5 Rh1+ 80. Kg5 Rh3 81. g7 Kf7 82. e6+ Kxg7 83. e7 Rh8 84. e8=Q 1-0


[Site "https://www.chess.com"]

[Event "Titled Tuesday Blitz June 21 Late 2022"]
[White "Kupervaser, Erez"]
[Black "Harvey, Marcus R"]
[WhiteFideId "2814587"]
[BlackFideId "400092"]
[WhiteElo "1832"]
[BlackElo "2485"]
[Result "0-1"]
[Round "04"]
[TimeControl "180+1"]
[Date "2022.06.22"]
[WhiteClock "0:00:29"]
[BlackClock "0:00:36"]

1. e4 e5 2. Nf3 Nf6 3. Nxe5 d6 4. Nd3 Nxe4 5. Nc3 Nxc3 6. dxc3 d5 7. Qf3 c6 8. Bd2 Bd6 9. O-O-O O-O 10. Nf4 Nd7 11. Nd3 Qf6 12. Qxf6 Nxf6 13. f3 Re8 14. Bf4 Bf8 15. g4 a5 16. Ne5 a4 17. a3 Bd6 18. Nd3 Bxf4+ 19. Nxf4 Re3 20. Bg2 Bd7 21. Rhe1 Rae8 22. Kd2 Rxe1 23. Rxe1 Rxe1 24. Kxe1 Kf8 25. Kd2 Ke7 26. Nd3 Kd6 27. h3 h6 28. f4 g5 29. fxg5 hxg5 30. Ke3 c5 31. Nc1 Nh7 32. c4 d4+ 33. Ke2 b6 34. Nd3 Be6 35. b3 axb3 36. cxb3 Nf6 37. Ne1 Nd7 38. Nf3 f6 39. Nd2 Ke5 40. Kd3 f5 41. gxf5 Bxf5+ 42. Be4 Bxh3 43. b4 g4 44. bxc5 Nxc5+ 0-1


[Site "https://www.chess.com"]

[Event "Titled Tuesday Blitz June 21 Late 2022"]
[White "Ladan, Nicholas"]
[Black "Christiansen, Johan-Sebastian"]
[WhiteFideId "30918855"]
[BlackFideId "1512668"]
[WhiteElo "2167"]
[BlackElo "2513"]
[Result "0-1"]
[Round "04"]
[TimeControl "180+1"]
[Date "2022.06.22"]
[WhiteClock "0:00:08"]
[BlackClock "0:01:12"]

1. d4 Nf6 2. c4 c5 3. d5 b5 4. Qc2 bxc4 5. e4 e6 6. Bxc4 exd5 7. exd5 d6 8. Nf3 Be7 9. Bb5+ Nbd7 10. O-O O-O 11. Nc3 Nb6 12. a4 Nbxd5 13. Nxd5 Nxd5 14. Qe4 Be6 15. Rd1 Nf6 16. Qc2 Bg4 17. Bf4 Bxf3 18. gxf3 Rb8 19. Rd2 Rb6 20. Rad1 d5 21. Be5 d4 22. Kh1 Qd5 23. Qf5 g6 24. Qf4 Nh5 25. Qe4 Qxe4 26. fxe4 Re6 27. f4 Bd6 28. Bxd6 Rxd6 29. e5 Rb6 30. b4 cxb4 31. Rxd4 a6 32. Bc4 b3 33. Rd6 Rfb8 34. Bxa6 b2 35. Bb5 Nxf4 36. Rxb6 Rxb6 37. Rb1 Nd5 38. Rxb2 Nc3 39. Kg2 Nxa4 40. Rb4 Nc3 41. e6 fxe6 0-1


[Site "https://www.chess.com"]

[Event "Titled Tuesday Blitz June 21 Late 2022"]
[White "Lamaze, Simon"]
[Black "Fishbein, Mitch"]
[WhiteFideId "36069264"]
[BlackFideId "30922917"]
[WhiteElo "2090"]
[BlackElo "1939"]
[Result "1-0"]
[Round "04"]
[TimeControl "180+1"]
[Date "2022.06.22"]
[WhiteClock "0:01:32"]
[BlackClock "0:01:02"]

1. e4 c5 2. Nf3 d6 3. d4 cxd4 4. Nxd4 Nf6 5. Nc3 a6 6. Bg5 e6 7. f4 Qb6 8. Qd2 Qxb2 9. Rb1 Qa3 10. e5 dxe5 11. fxe5 Nd5 12. Nxd5 exd5 13. Bd3 Nc6 14. Nxc6 bxc6 15. O-O Be6 16. Rb7 Bc5+ 17. Kh1 O-O 18. Qf4 Rab8 19. Qh4 Qxd3 20. cxd3 Rxb7 21. d4 Ba3 22. Bf6 Kh8 23. h3 Rg8 24. Rf3 gxf6 25. Qxf6+ Rg7 26. Rxa3 Rb8 27. Rg3 Rg8 28. Kh2 a5 29. a3 a4 30. h4 Bd7 1-0


[Site "https://www.chess.com"]

[Event "Titled Tuesday Blitz June 21 Late 2022"]
[White "Le, Tuan Minh"]
[Black "Moussard, Jules"]
[WhiteFideId "12401153"]
[BlackFideId "642908"]
[WhiteElo "2530"]
[BlackElo "2589"]
[Result "1-0"]
[Round "04"]
[TimeControl "180+1"]
[Date "2022.06.21"]
[WhiteClock "0:00:08"]
[BlackClock "0:00:30"]

1. d4 Nf6 2. Nf3 b6 3. Bf4 Bb7 4. e3 g6 5. Be2 Bg7 6. O-O O-O 7. h3 c5 8. c3 d6 9. Nbd2 Nbd7 10. a4 a6 11. Bh2 Ra7 12. Bd3 Qa8 13. Qe2 Ne4 14. Rfd1 Ndf6 15. Ne1 Nxd2 16. Qxd2 Rc8 17. Qe2 Bh6 18. Bg3 Be4 19. Bc4 Bd5 20. Bxd5 Qxd5 21. Nd3 Qc6 22. Bf4 Bg7 23. Bg5 h6 24. Bxf6 Bxf6 25. Nf4 h5 26. Rd2 Bg5 27. Nd3 Rb8 28. Qf3 Qxf3 29. gxf3 Rc7 30. f4 Bf6 31. Kg2 Kg7 32. Kf3 e6 33. Ke2 Be7 34. Ne1 cxd4 35. cxd4 Rbc8 36. Kd3 Rc1 37. Rd1 R1c4 38. Kd2 d5 39. Nd3 Rc2+ 40. Ke1 Bh4 41. Kf1 R8c4 42. Ra3 a5 43. Rb3 Bd8 44. Ra3 Be7 45. Rb3 Bb4 46. Ne5 f6 47. Nd3 Kf7 48. Kg2 Re2 49. Kf3 Rcc2 50. Rf1 Red2 51. Nxb4 axb4 52. Rxb4 Rxb2 53. Rxb2 Rxb2 54. Rc1 Ke7 55. Rc7+ Kd6 56. Rg7 Ra2 57. Rxg6 Rxa4 58. Rxf6 Ra7 59. f5 b5 60. Rxe6+ Kd7 61. Rb6 Ra5 62. f6 Kc7 63. f7 Ra8 64. Rxb5 Kc6 65. Rc5+ Kd6 66. e4 dxe4+ 67. Kxe4 Rf8 68. Rf5 h4 69. d5 Ke7 70. Ke5 Kd7 71. d6 Ra8 72. f8=Q Rb8 73. Qe7+ Kc6 74. Qc7+ 1-0


[Site "https://www.chess.com"]

[Event "Titled Tuesday Blitz June 21 Late 2022"]
[White "Lobanov, Sergei"]
[Black "Janaszak, Dawid"]
[WhiteFideId "24183750"]
[BlackFideId "1119206"]
[WhiteElo "2524"]
[BlackElo "2199"]
[Result "1-0"]
[Round "04"]
[TimeControl "180+1"]
[Date "2022.06.21"]
[WhiteClock "0:00:05"]
[BlackClock "0:00:05"]

1. Nf3 c5 2. e3 g6 3. c4 Bg7 4. Nc3 Nf6 5. d4 cxd4 6. exd4 d5 7. cxd5 Nxd5 8. Bc4 Nb6 9. Bb3 O-O 10. h3 Nc6 11. Be3 Na5 12. O-O Nxb3 13. Qxb3 Be6 14. Qd1 Rc8 15. Re1 Nd5 16. Qd2 Re8 17. Bh6 Bh8 18. Ng5 Bf5 19. g4 Nxc3 20. bxc3 Bd7 21. Qf4 Bf6 22. Ne4 Bh8 23. Ng5 Bf6 24. Ne4 Bh8 25. d5 f5 26. Ng5 Qc7 27. Qb4 Qxc3 28. Qxb7 Rc7 29. Qa6 fxg4 30. Ne6 Rcc8 31. hxg4 Qc4 32. Qxc4 Rxc4 33. Rab1 Rxg4+ 34. Kf1 a6 35. f3 Rh4 36. Bg5 Rh2 37. Rb7 Bb5+ 38. Kg1 Rxa2 39. Bxe7 Bc3 40. Re4 Bd3 41. Re3 Ra1+ 42. Kh2 Rd1 43. d6 Bb5 44. Rxc3 Re1 45. Nf4 g5 46. Nh5 Re2+ 47. Kg3 Bc6 48. Nf6+ Kf7 49. Rxc6 Kg6 50. Nxe8 h5 51. d7+ 1-0


[Site "https://www.chess.com"]

[Event "Titled Tuesday Blitz June 21 Late 2022"]
[White "Mahdavi, Reza"]
[Black "Colpe, Malte"]
[WhiteFideId "12595926"]
[BlackFideId "24623075"]
[WhiteElo "2265"]
[BlackElo "2328"]
[Result "1-0"]
[Round "04"]
[TimeControl "180+1"]
[Date "2022.06.22"]
[WhiteClock "0:00:28"]
[BlackClock "0:00:16"]

1. e4 c5 2. Nf3 Nc6 3. Bb5 d6 4. O-O a6 5. Bxc6+ bxc6 6. Re1 e5 7. c3 f5 8. d4 fxe4 9. Rxe4 Bf5 10. Re1 e4 11. Bg5 Be7 12. Bxe7 Nxe7 13. Nh4 O-O 14. Nxf5 Nxf5 15. Rxe4 cxd4 16. cxd4 Rb8 17. Qd2 d5 18. Re5 Qh4 19. Nc3 Nxd4 20. Rf1 Qg4 21. Kh1 Nf3 22. gxf3 Qxf3+ 23. Kg1 Rf4 24. Ne2 Rg4+ 25. Ng3 Rf8 26. Rfe1 d4 27. Re8 Rf4 28. Rxf8+ Kxf8 29. Qb4+ Kf7 30. Qe7+ Kg6 31. Re6+ Rf6 32. Qe8+ Kh6 33. Rxf6+ gxf6 34. Qf8+ Kg6 35. Qg8+ Kh6 36. Qe6 d3 37. Nf5+ Kg6 38. Nh4+ 1-0


[Site "https://www.chess.com"]

[Event "Titled Tuesday Blitz June 21 Late 2022"]
[White "Maltsevskaya, Aleksandra"]
[Black "Titichoca Daza, Daniel"]
[WhiteFideId "24174041"]
[BlackFideId "3309550"]
[WhiteElo "2243"]
[BlackElo "1912"]
[Result "0-1"]
[Round "04"]
[TimeControl "180+1"]
[Date "2022.06.22"]
[WhiteClock "0:00:02"]
[BlackClock "0:00:05"]

1. Nf3 d5 2. d3 Bg4 3. Nbd2 Nd7 4. g3 e5 5. Bg2 c6 6. e4 Ngf6 7. O-O dxe4 8. dxe4 Bc5 9. Qe2 Qe7 10. c3 a5 11. Nc4 O-O 12. h3 Bxf3 13. Bxf3 Rfd8 14. Ne3 g6 15. h4 h5 16. a4 Bd6 17. Nc4 Bc7 18. Bg5 Nc5 19. Bxh5 gxh5 20. Qf3 Kg7 21. Ne3 Kg6 22. g4 Ncd7 23. gxh5+ Kh7 24. Rad1 Qe6 25. Kh1 Rg8 26. Nf5 b5 27. Rg1 bxa4 28. h6 Rg6 29. Ng7 Qc4 30. h5 Rxg5 31. Rxg5 Qxe4 32. Qxe4+ Nxe4 33. Rg2 Ndc5 34. Nf5 Kh8 35. f3 Nf6 36. Rg7 Rf8 37. Rdg1 Ne6 38. R7g2 Nf4 39. Rh2 e4 40. Rd2 exf3 41. Rf1 N4xh5 42. Rxf3 Ne4 43. Rd4 Ng5 44. Rf1 Rb8 45. Rh4 Nf6 46. Nd4 Be5 47. Re4 Ngxe4 0-1


[Site "https://www.chess.com"]

[Event "Titled Tuesday Blitz June 21 Late 2022"]
[White "Marin Masis, Jose Esteban"]
[Black "Kanyamarala, Trisha"]
[WhiteFideId "6508146"]
[BlackFideId "45004722"]
[WhiteElo "1710"]
[BlackElo "2134"]
[Result "1-0"]
[Round "04"]
[TimeControl "180+1"]
[Date "2022.06.22"]
[WhiteClock "0:00:20"]
[BlackClock "0:00:09"]

1. e4 c5 2. Nf3 d6 3. d4 cxd4 4. Nxd4 Nf6 5. Nc3 Nc6 6. Bb5 Bd7 7. Nxc6 bxc6 8. Bd3 e6 9. O-O Be7 10. e5 dxe5 11. Re1 Qc7 12. Qe2 O-O 13. Qxe5 Bd6 14. Qg5 Bxh2+ 15. Kh1 Bd6 16. Ne4 Nxe4 17. Rxe4 f5 18. Rh4 Be8 19. Qe3 Bf7 20. Qh3 Bg6 21. Bg5 Rae8 22. Bc4 Qa5 23. Qd3 Bc7 24. Qd7 Bf7 25. Bd2 Qb6 26. Bc3 Rd8 27. Qe7 Bd6 28. Qg5 Bg6 29. Bxe6+ Kh8 30. Qxg6 Qc7 31. Rxh7# 1-0


[Site "https://www.chess.com"]

[Event "Titled Tuesday Blitz June 21 Late 2022"]
[White "Mickiewicz, Piotr"]
[Black "Bjelobrk, Igor"]
[WhiteFideId "1114891"]
[BlackFideId "4300726"]
[WhiteElo "2209"]
[BlackElo "2335"]
[Result "1-0"]
[Round "04"]
[TimeControl "180+1"]
[Date "2022.06.22"]
[WhiteClock "0:00:08"]
[BlackClock "0:00:10"]

1. e4 e5 2. Nf3 Nc6 3. Nc3 Nf6 4. d4 exd4 5. Nxd4 Bb4 6. Nxc6 bxc6 7. Bd3 d5 8. exd5 O-O 9. O-O Bg4 10. f3 Bh5 11. Qe1 cxd5 12. Qh4 Be7 13. Bg5 Bg6 14. Bxg6 hxg6 15. Rad1 c6 16. Rfe1 Re8 17. Kh1 Rb8 18. b3 Rb4 19. Rd4 a5 20. a4 Bc5 21. Rxb4 Bxb4 22. Bd2 Rxe1+ 23. Qxe1 Qd7 24. Ne2 c5 25. Bxb4 axb4 26. Qd2 Qe6 27. Nf4 Qe5 28. g3 d4 29. Nd3 Qd5 30. Qe2 Qf5 31. g4 Qg5 32. h3 Qd5 33. Kg2 g5 34. Qe5 Qxe5 35. Nxe5 Nd5 36. Kf2 f6 37. Nd7 Ne3 38. a5 Nxc2 39. a6 d3 40. Nxc5 Nd4 41. Nxd3 Nb5 42. Nxb4 Kf8 43. Nd5 Ke8 44. b4 Kd7 45. Nc3 Na7 46. b5 Kc7 47. Ke3 Kb6 48. Ke4 Nc8 49. Kf5 Nd6+ 50. Kg6 Nc4 51. Kxg7 Ne5 52. Kxf6 Nxf3 53. Kf5 Ka7 54. Ne4 Kb6 55. Nxg5 Nd4+ 56. Ke4 Nxb5 57. Ne6 Kxa6 58. Ke5 Kb6 59. g5 Kc6 60. Nd4+ Nxd4 61. Kxd4 1-0


[Site "https://www.chess.com"]

[Event "Titled Tuesday Blitz June 21 Late 2022"]
[White "Mikhailov, Viacheslav"]
[Black "Luo, Terry"]
[WhiteFideId "4187369"]
[BlackFideId "30931045"]
[WhiteElo "2381"]
[BlackElo "2024"]
[Result "1-0"]
[Round "04"]
[TimeControl "180+1"]
[Date "2022.06.22"]
[WhiteClock "0:00:08"]
[BlackClock "0:00:11"]

1. Nf3 Nf6 2. g3 e6 3. Bg2 d5 4. O-O Be7 5. c4 O-O 6. b3 c5 7. cxd5 exd5 8. d4 Nc6 9. Nc3 Bg4 10. dxc5 Bxc5 11. Bg5 d4 12. Ne4 Be7 13. Nxf6+ Bxf6 14. Bxf6 Qxf6 15. Qd2 Rad8 16. h3 Bh5 17. g4 Bg6 18. Rad1 Rfe8 19. Rfe1 h6 20. a3 Be4 21. b4 d3 22. b5 dxe2 23. Qxe2 Bxf3 24. Qxf3 Rxe1+ 25. Rxe1 Qxf3 26. Bxf3 Nd4 27. Bxb7 Nxb5 28. a4 Nd4 29. a5 Ne6 30. a6 Nc5 31. Rc1 Ne6 32. Rb1 Nc5 33. Rb5 Ne6 34. Be4 Rd6 35. Rb8+ Nf8 36. Bb7 g5 37. Ra8 Kg7 38. Rxa7 Rd1+ 39. Kh2 Ra1 40. Ra8 Ng6 41. Rc8 Nf4 42. Rc2 Ra3 43. f3 Kf6 44. Kg3 Ra1 45. h4 Ne6 46. hxg5+ hxg5 47. Bc8 Nf4 48. Rb2 Ke7 49. Rd2 Rg1+ 50. Kh2 Ra1 51. Rd7+ Kf6 52. a7 Ra2+ 53. Kg1 Ra1+ 54. Kf2 Ra2+ 55. Ke1 Ra1+ 56. Kd2 Ra2+ 57. Kc1 Ne6 58. Rb7 Nc5 59. Rb6+ Ke5 60. Ba6 Nxa6 61. a8=Q Nc5 62. Qe8+ Ne6 63. Qb5+ Kf6 64. Qb3 Rf2 65. Qc3+ Kg6 66. Qd3+ Kg7 67. Qf5 Re2 68. Rxe6 Rxe6 69. Qxg5+ Rg6 70. Qe5+ Rf6 71. g5 Kg8 72. Qxf6 Kh7 73. Qxf7+ Kh8 74. Qe7 Kg8 75. g6 Kh8 76. Qh7# 1-0


[Site "https://www.chess.com"]

[Event "Titled Tuesday Blitz June 21 Late 2022"]
[White "Muradli, Mahammad"]
[Black "Andreikin, Dmitry"]
[WhiteFideId "13409301"]
[BlackFideId "4158814"]
[WhiteElo "2611"]
[BlackElo "2736"]
[Result "0-1"]
[Round "04"]
[TimeControl "180+1"]
[Date "2022.06.21"]
[WhiteClock "0:00:01"]
[BlackClock "0:00:39"]

1. c4 e6 2. Nc3 d5 3. d4 Nf6 4. cxd5 exd5 5. Bg5 c6 6. e3 h6 7. Bh4 Bf5 8. Nf3 Nbd7 9. Bd3 Bxd3 10. Qxd3 Bd6 11. O-O O-O 12. Rab1 a5 13. a3 a4 14. Rfe1 Re8 15. Re2 Qb6 16. Nd2 Qa6 17. Qc2 Ng4 18. Bg3 Bxg3 19. hxg3 Nb6 20. Rbe1 Nf6 21. e4 dxe4 22. Ndxe4 Nxe4 23. Nxe4 Nd5 24. Nc5 Rxe2 25. Rxe2 Qb5 26. Re5 Qb6 27. Qe2 Nf6 28. Re7 Qd8 29. Qe5 b6 30. Nb7 Qd5 31. Nd6 Qb3 32. f3 Rf8 33. Kh2 Qxb2 34. Nf5 Qxa3 35. Nxh6+ Kh7 36. Nf5 Qc1 37. g4 a3 38. Ra7 Re8 39. Qg3 Re1 40. Qh4+ Kg6 41. Ne7+ Rxe7 42. Rxe7 a2 43. Re5 a1=Q 0-1


[Site "https://www.chess.com"]

[Event "Titled Tuesday Blitz June 21 Late 2022"]
[White "Murzin, Volodar"]
[Black "Navarrete Mendez, Gonzalo Alberto"]
[WhiteFideId "44155573"]
[BlackFideId "5106850"]
[WhiteElo "2585"]
[BlackElo "2261"]
[Result "1-0"]
[Round "04"]
[TimeControl "180+1"]
[Date "2022.06.21"]
[WhiteClock "0:00:34"]
[BlackClock "0:00:03"]

1. e4 e5 2. Nf3 Nc6 3. Bb5 a6 4. Ba4 d6 5. c3 f5 6. d3 Nf6 7. Nbd2 Be7 8. O-O O-O 9. Re1 Kh8 10. Bc2 f4 11. d4 Qe8 12. Nc4 Qh5 13. dxe5 dxe5 14. Nfxe5 Ng4 15. Nxg4 Bxg4 16. f3 Bc5+ 17. Kh1 Rf6 18. Bxf4 Rxf4 19. fxg4 Rxg4 20. h3 Rg5 21. Qxh5 Rxh5 22. Rad1 b5 23. Ne3 Ne5 24. Rd5 Bd6 25. Nf5 Rd8 26. Red1 Nc4 27. e5 Rxf5 28. Bxf5 Ne3 29. exd6 Nxd1 30. dxc7 Nf2+ 31. Kg1 Rxd5 32. c8=Q+ Rd8 33. Qxd8# 1-0


[Site "https://www.chess.com"]

[Event "Titled Tuesday Blitz June 21 Late 2022"]
[White "Nathan, Nitish"]
[Black "Shuvalova, Polina"]
[WhiteFideId "30927870"]
[BlackFideId "24171760"]
[WhiteElo "2250"]
[BlackElo "2330"]
[Result "0-1"]
[Round "04"]
[TimeControl "180+1"]
[Date "2022.06.22"]
[WhiteClock "0:00:15"]
[BlackClock "0:00:25"]

1. d4 Nf6 2. Bf4 d5 3. e3 g6 4. Nd2 Bg7 5. Ngf3 O-O 6. c3 c6 7. Be2 Nh5 8. Bg5 h6 9. Bh4 g5 10. Ng1 Nf6 11. Bg3 Nbd7 12. Ngf3 Re8 13. h4 g4 14. Ne5 h5 15. f3 Bh6 16. fxg4 Bxe3 17. g5 Nxe5 18. Bxe5 Ng4 19. Bxg4 Bxg4 20. Qc2 Qd7 21. Rf1 Qe6 22. Qd3 Bxd2+ 23. Kxd2 Qg6 24. Qxg6+ fxg6 25. Rf2 Rf8 26. Raf1 Rxf2+ 27. Rxf2 Bf5 28. b4 a5 29. Kc1 axb4 30. cxb4 Ra3 31. Kb2 Rd3 32. a3 Rd1 33. Kb3 Rb1+ 34. Ka2 Rh1 35. g3 Rg1 36. Kb3 Rd1 37. Ka2 Kf7 38. Kb3 Ke6 39. Ka2 Rd3 40. Kb2 Re3 41. Ka2 Kd7 42. Kb2 b6 43. Rd2 Re4 44. Bf4 Ke6 45. Kc3 Re1 46. Kb2 Rb1+ 47. Ka2 Rc1 48. Kb2 Rc4 49. Kb3 Be4 50. Be3 Kf5 51. Rf2+ Kg4 52. Bf4 Rxd4 53. Kc3 Rd3+ 54. Kb2 Rd1 55. Bc7 c5 56. Bxb6 Rb1+ 57. Ka2 cxb4 58. Rf4+ Kxg3 59. Rxe4 dxe4 60. Kxb1 bxa3 61. Bc5 Kxh4 62. Bxe7 e3 63. Bxa3 Kxg5 64. Kc1 Kf4 65. Kd1 Kf3 66. Ke1 e2 67. Bb4 h4 68. Bd6 h3 69. Bh2 g5 70. Bg1 g4 71. Bh2 g3 0-1


[Site "https://www.chess.com"]

[Event "Titled Tuesday Blitz June 21 Late 2022"]
[White "Nazari, Arad"]
[Black "Hnydiuk, Aleksander"]
[WhiteFideId "12577324"]
[BlackFideId "1109057"]
[WhiteElo "2129"]
[BlackElo "2374"]
[Result "0-1"]
[Round "04"]
[TimeControl "180+1"]
[Date "2022.06.22"]
[WhiteClock "0:00:03"]
[BlackClock "0:00:27"]

1. e4 c5 2. Nf3 e6 3. d4 cxd4 4. c3 dxc3 5. Nxc3 Nc6 6. Bc4 d6 7. O-O Nf6 8. Qe2 Be7 9. Bf4 e5 10. Bg5 O-O 11. Rfd1 Be6 12. Rac1 Rc8 13. Bxf6 Bxf6 14. Nd5 Bg4 15. b4 Bg5 16. Rc2 Nd4 17. Rxd4 exd4 18. h3 Be6 19. Nxd4 Bxd5 20. Bxd5 Qb6 21. Nf3 Bf6 22. a3 Rc7 23. Rxc7 Qxc7 24. Qb5 Rc8 25. Kh2 b6 26. Qa6 g6 27. g3 Kg7 28. Kg2 Qd7 29. h4 Rc3 30. a4 h5 31. Ng1 Ra3 32. b5 Bd4 33. Nf3 Bc5 34. Ng5 Rd3 35. Bxf7 Rd2 36. Be6 Rxf2+ 37. Kh3 Qe7 38. Qc8 Rf8 39. Qc6 Be3 40. Qd5 Bxg5 41. hxg5 Re8 42. Qd4+ Kh7 43. Bd5 Qxg5 44. Qc3 Re7 45. Qc8 Qg4+ 46. Qxg4 hxg4+ 47. Kxg4 Kg7 48. Kf4 Kf6 49. Bc6 Rh7 50. Ke3 Ke5 51. Bd7 Rh2 0-1


[Site "https://www.chess.com"]

[Event "Titled Tuesday Blitz June 21 Late 2022"]
[White "Needleman, Alejandro"]
[Black "Sailer, Mike"]
[WhiteFideId "100730"]
[BlackFideId "2012901"]
[WhiteElo "2302"]
[BlackElo "2109"]
[Result "1-0"]
[Round "04"]
[TimeControl "180+1"]
[Date "2022.06.22"]
[WhiteClock "0:00:38"]
[BlackClock "0:00:01"]

1. e4 d5 2. exd5 Qxd5 3. Nc3 Qd6 4. d4 Nf6 5. Nf3 c6 6. Ne5 Nbd7 7. Bf4 Nxe5 8. Bxe5 Qb4 9. Rb1 Bg4 10. Be2 Bxe2 11. Qxe2 e6 12. O-O Be7 13. a3 Qa5 14. b4 Qxa3 15. Rb3 Qa6 16. Qxa6 bxa6 17. Ra1 O-O 18. Rxa6 Nd5 19. Nxd5 cxd5 20. c3 Rfc8 21. Kf1 Bf6 22. Bd6 Bd8 23. Ke2 Bb6 24. Kd3 Rc6 25. Bc5 Rac8 26. Rba3 f6 27. Bxb6 axb6 28. Ra7 R8c7 29. Rxc7 Rxc7 30. Ra8+ Kf7 31. Rb8 Rc6 32. f4 h5 33. g3 Kg6 34. Rb7 h4 35. gxh4 Kf5 36. Rxg7 Kxf4 37. h5 e5 38. dxe5 fxe5 39. Rg6 e4+ 40. Kd4 Rc4+ 41. Kxd5 Rxc3 42. Rxb6 Rh3 43. h6 e3 44. Re6 Kf3 45. b5 e2 46. b6 Rxh6 47. Rxh6 e1=Q 48. Rf6+ Kg4 49. Rc6 Qd2+ 50. Ke6 Qe3+ 51. Kd7 Qd4+ 52. Kc8 Qh8+ 53. Kb7 Qh7+ 54. Kb8 Qg8+ 55. Rc8 1-0


[Site "https://www.chess.com"]

[Event "Titled Tuesday Blitz June 21 Late 2022"]
[White "Novikova, Galina"]
[Black "Hoffmann, Asa"]
[WhiteFideId "4157095"]
[BlackFideId "2001470"]
[WhiteElo "1863"]
[BlackElo "2117"]
[Result "1-0"]
[Round "04"]
[TimeControl "180+1"]
[Date "2022.06.22"]
[WhiteClock "0:00:09"]
[BlackClock "0:00:03"]

1. e4 d6 2. d4 Nf6 3. Nc3 c6 4. f3 Nbd7 5. Be3 e5 6. Qd2 Qc7 7. O-O-O b5 8. g4 Nb6 9. h4 Be7 10. h5 h6 11. Nh3 a6 12. Kb1 Be6 13. b3 O-O-O 14. Be2 exd4 15. Bxd4 c5 16. Be3 d5 17. exd5 Nfxd5 18. Nxd5 Nxd5 19. Nf2 Nxe3 20. Qxe3 Bf6 21. Ne4 Bd4 22. Qc1 f5 23. c3 fxe4 24. cxd4 exf3 25. Bxf3 Rhf8 26. Qe3 Rde8 27. Qd3 c4 28. bxc4 Bxc4 29. Qc3 Qf4 30. Bc6 Re3 31. Qb4 Kc7 32. d5 Qd6 33. Qxd6+ Kxd6 34. Rhe1 Rff3 35. Rxe3 Rxe3 36. Bb7 a5 37. Rg1 b4 38. g5 Re2 39. gxh6 gxh6 40. Rg6+ Kc7 41. Rg7+ Kb6 42. d6 Bxa2+ 43. Kc1 Be6 44. Bf3 Re3 45. Bd1 Rd3 46. Rg6 Rxd6 47. Rxh6 Kc5 48. Rg6 Bf5 49. Rg5 Rd5 50. h6 Be4 51. Rxd5+ Kxd5 52. Bc2 Bxc2 53. Kxc2 Ke6 54. h7 1-0


[Site "https://www.chess.com"]

[Event "Titled Tuesday Blitz June 21 Late 2022"]
[White "Omariev, Maksim"]
[Black "Thiel, Thomas"]
[WhiteFideId "4193423"]
[BlackFideId "4615964"]
[WhiteElo "2483"]
[BlackElo "2228"]
[Result "1-0"]
[Round "04"]
[TimeControl "180+1"]
[Date "2022.06.22"]
[WhiteClock "0:00:39"]
[BlackClock "0:00:55"]

1. g4 d5 2. Bg2 c6 3. h3 e5 4. d4 e4 5. c4 Bd6 6. Nc3 Be6 7. Qb3 Qb6 8. c5 Qxb3 9. axb3 Bc7 10. b4 Na6 11. Ra4 Bd7 12. Bg5 f6 13. Bh4 Ne7 14. e3 h5 15. gxh5 Nf5 16. Bg3 Bxg3 17. fxg3 Nxe3 18. Kf2 Nc2 19. Nge2 Ncxb4 20. g4 Nd3+ 21. Kg3 Nxb2 22. Ra2 Nc4 23. Rb1 O-O-O 24. Nf4 Ne3 25. Bh1 Kc7 26. Kf2 Nc4 27. Nfxd5+ cxd5 28. Nxd5+ Kc8 29. Ne7+ Kc7 30. Bxe4 Rhe8 31. Rxb7# 1-0


[Site "https://www.chess.com"]